 Dungeon Crawl Stone Soup version 0.31.0-11-ge490571c62 (webtiles) character file.

Game seed: 250227290184975610

102 qw the Shooter (level 4, -8/25 HPs)
             Began as a Deep Elf Hunter on Feb 3, 2024.
             Mangled by a gnoll sergeant
             ... wielding a +0 spear
              (9 damage)
             ... on level 3 of the Dungeon.
             The game lasted 00:00:06 (1270 turns).

qw the Shooter (Deep Elf Hunter)                    Turns: 1270, Time: 00:00:06

Health: -8/25      AC:  6    Str: 10    XL:     4   Next: 50%
Magic:  6/6        EV: 11    Int: 14    God:
Gold:   76         SH:  0    Dex: 18    Spells: 3/3 levels left

rFire   . . .        a - +2 shortbow
rCold   . . .        (shield currently unavailable)
rNeg    . . .        j - +1 ring mail
rPois   .            (no helmet)
rElec   .            (no cloak)
rCorr   .            (no gloves)
SInv    .            (no boots)
Will    .....        (no amulet)
Stlth   +            (no ring)
HPRegen 0.24/turn    (no ring)
MPRegen 0.10/turn

%: no passive effects
@: about to teleport
A: no striking features
a: no special abilities


You were on level 3 of the Dungeon.
You visited 1 branch of the dungeon, and saw 3 of its levels.

You collected 76 gold pieces.


   Skills:
 - Level 1.5 Fighting
 + Level 7.9 Ranged Weapons
 - Level 2.4 Dodging
 - Level 1.2 Stealth


You had 3 spell levels left.
You didn't know any spells.
Your spell library was empty.

Inventory:

Hand Weapons
 a - a +2 shortbow (weapon)
Armour
 i - the +1 robe of Upuucis {rElec Regen+}
   (You found it on level 3 of the Dungeon)

   rElec:     It insulates you from electricity.
   Regen+:    It increases your rate of health regeneration.
 j - a +1 ring mail (worn)
 k - a +0 helmet
Jewellery
 b - a ring of ice
 h - a ring of positive energy
Scrolls
 c - a scroll of identify {unknown}
 e - 2 scrolls of teleportation
Potions
 d - 2 potions of heal wounds
 f - 2 potions of curing
 g - a potion of attraction {unknown}
 l - a potion of mutation {unknown}

Dungeon Overview and Level Annotations

Branches:
Dungeon (3/15)

Altars:

Annotations:
D:3 3 runed translucent doors, qw's ghost, amateur DEHu


Message History

The arrow hits the gnoll.
The gnoll is moderately wounded.
The gnoll barely misses you.
You shoot an arrow. The arrow closely misses the gnoll.
The gnoll hits you but does no damage.
You shoot an arrow. The arrow hits the gnoll.
The gnoll is heavily wounded.
The gnoll closely misses you.
You shoot an arrow. The arrow barely misses the gnoll.
The gnoll sergeant shouts!
The arrow hits the gnoll but does no damage.
The gnoll barely misses you.
You shoot an arrow. The arrow hits the gnoll!
You kill the gnoll!
You shoot an arrow. The arrow hits the gnoll.
The gnoll is moderately wounded.
The gnoll closely misses you.
You shoot an arrow. The arrow hits the gnoll.
The gnoll is moderately wounded.
The gnoll barely misses you.
You shoot an arrow. The arrow hits the gnoll!
The gnoll is almost dead.
The gnoll barely misses you.
You shoot an arrow. The arrow hits the gnoll.
You kill the gnoll!
You shoot an arrow.
The arrow hits the gnoll sergeant but does no damage.
The gnoll sergeant hits you from afar with a +0 spear.
You shoot an arrow. The arrow hits the gnoll!
The gnoll is almost dead.
The gnoll closely misses you.
The gnoll sergeant hits you from afar with a +0 spear!
You shoot an arrow. The arrow hits the gnoll.
You kill the gnoll!
The gnoll sergeant hits you from afar with a +0 spear!
1270 ||| READING 3 scrolls of teleportation.
As you read the scroll of teleportation, it crumbles to dust.
You feel strangely unstable.
The gnoll sergeant hits you from afar with a +0 spear!
You die...

#............)...# #
##...............#####
##....<...##.##.......
##.........##.######...
##........####..........
##.........###...#.......
.........................
#.............##.........
...#....@...####.[.......
.....>.$....# #.........
......)g....# #.........
............#
.....)####### ......
.....# .....


g.g.g You could see a gnoll sergeant.

Vanquished Creatures
  5 gnolls (D:3)
  An adder (D:2)
  4 dart slugs
  An orc (D:3)
  9 ball pythons
  A bat (D:1)
  An endoplasm (D:1)
  A giant cockroach (D:3)
  3 hobgoblins (D:1)
  6 kobolds
  A quokka (D:1)
  A frilled lizard (D:1)
  2 rats (D:1)
36 creatures vanquished.

Notes
Turn   | Place    | Note
-------+----------+-------------------------------------------
     0 | D:1      | qw the Deep Elf Hunter began the quest for the Orb.
     0 | D:1      | Reached XP level 1. HP: 12/12 MP: 3/3
     0 | D:1      | 0 ||| qw: Version: 0.3-a-157-g843a77d
     0 | D:1      | 0 ||| qw: Game counter: 3711
     0 | D:1      | 0 ||| qw: Melee chars always use a shield: true
     0 | D:1      | 0 ||| qw: God list: Okawaru
     0 | D:1      | 0 ||| qw: Allow faded altars: false
     0 | D:1      | 0 ||| qw: Do Orc after clearing Dungeon:15 true
     0 | D:1      | 0 ||| qw: Do second Lair branch before Depths: true
     0 | D:1      | 0 ||| qw: Lair rune preference: random
     0 | D:1      | 0 ||| qw: Goals: Normal
     0 | D:1      | 0 ||| PLANNING D:1-11
    93 | D:1      | Reached XP level 2. HP: 16/16 MP: 4/4
    98 | D:1      | Reached skill level 6 in Ranged Weapons
   464 | D:1      | 464 ||| UPGRADING to +0 scale mail.
   474 | D:1      | 474 ||| DROPPING +0 leather armour.
   475 | D:1      | 475 ||| READING 2 scrolls labelled POENOY GADWURPH.
   478 | D:1      | 478 ||| READING scroll labelled JONOLOVUUZ.
   479 | D:1      | 479 ||| DROPPING scroll of butterflies.
   549 | D:2      | Reached XP level 3. HP: 20/20 MP: 5/5
   562 | D:2      | 562 ||| FLEEEEING.
   563 | D:2      | 563 ||| FLEEEEING.
   564 | D:2      | 564 ||| FLEEEEING.
   798 | D:2      | Found a faded altar of an unknown god.
  1088 | D:2      | 1088 ||| UPGRADING to +0 ring mail.
  1098 | D:2      | 1098 ||| DROPPING +0 scale mail.
  1099 | D:2      | 1099 ||| DROPPING ring of wizardry.
  1100 | D:2      | 1100 ||| READING scroll labelled FUUGADETOMP.
  1100 | D:2      | 1100 ||| ENCHANTING +0 ring mail.
  1101 | D:2      | 1101 ||| READING 2 scrolls labelled TENYOXTY FYOCH.
  1101 | D:2      | 1101 ||| ENCHANTING +0 shortbow.
  1102 | D:2      | 1102 ||| READING scroll of enchant weapon.
  1102 | D:2      | 1102 ||| ENCHANTING +1 shortbow.
  1103 | D:2      | 1103 ||| DRINKING 3 sedimented silvery potions.
  1104 | D:2      | 1104 ||| DRINKING 3 smoky coppery potions.
  1134 | D:3      | Reached skill level 7 in Ranged Weapons
  1152 | D:3      | Identified the +1 robe of Upuucis {rElec Regen+}
  1210 | D:3      | Found a runed translucent gate.
  1210 | D:3      | Found a runed translucent gate.
  1210 | D:3      | Found a runed translucent gate.
  1211 | D:3      | Noticed qw's ghost (amateur DEHu)
  1249 | D:3      | Noticed a gnoll sergeant
  1250 | D:3      | 1250 ||| RETREEEEATING.
  1255 | D:3      | Reached XP level 4. HP: 25/25 MP: 6/6
  1269 | D:3      | HP: 1/25 [gnoll sergeant/+0 spear (10)]
  1270 | D:3      | 1270 ||| READING 3 scrolls of teleportation.
  1270 | D:3      | Mangled by a gnoll sergeant

Levels and vault maps discovered:
D:1:      sevenhm_arrival_forest_fort_large_4, layout_rooms
D:2:      layout_basic, hellmonk_ecumenical_altar_blasted
D:3:      layout_rooms, gammafunk_ghost_necromancy, serial_shops, shop,
          nicolae_figureground_pulse

Skill      XL: |  1  2  3 |
---------------+----------+-----
Ranged Weapons | 6 7 |  7.9
Fighting       | |  1.5
Dodging        | |  2.4
Stealth        | |  1.2

Action                     |  1- 3 |  4- 6 || total
---------------------------+-------+-------++-------
   Fire: Shortbow          |    78 |    15 ||    93
    Use: Scroll            |     5 |     1 ||     6
         Potion            |     2 |       ||     2
 Armour: Leather armour    |     4 |       ||     4
         Scale mail        |    14 |       ||    14
         Ring mail         |       |     6 ||     6
  Dodge: Dodged            |     9 |     9 ||    18

Table legend:
 A = Non-vault XP
 B = Vault XP
 C = Vault XP percentage of total XP
 D = Non-vault monster count
 E = Vault monster count
 F = Vault count percentage of total count
                 A         B        C        D         E       F
            +---------+---------+-------+---------+---------+-------
      Total |     147 |       0 |   0.0 |      36 |       0 |   0.0
            +---------+---------+-------+---------+---------+-------
        D:1 |      36 |       0 |   0.0 |      21 |       0 |   0.0
        D:2 |      24 |       0 |   0.0 |       5 |       0 |   0.0
        D:3 |      87 |       0 |   0.0 |      10 |       0 |   0.0
            +---------+---------+-------+---------+---------+-------
